 Dungeon Crawl Stone Soup version 0.30-a0-174-gbc10bd73c2 (webtiles) character file.

Game seed: 9643515150840623554

1127 qw the Chopper (level 8, 0/48 HPs)
             Began as a Gargoyle Fighter on Oct 1, 2022.
             Slain by a lemure (2 damage)
             ... led by Pikel
             ... on level 6 of the Dungeon.
             The game lasted 00:01:46 (4445 turns).

qw the Chopper (Gargoyle Fighter)                   Turns: 4445, Time: 00:01:46

Health: 0/48       AC: 19    Str: 26    XL:     8   Next: 35%
Magic:  8/8        EV:  7    Int: 14    God:
Gold:   306        SH:  8    Dex:  8    Spells: 7/7 levels left

rFire   + . .      SeeInvis .    f - +0 war axe (elec)
rCold   . . .      Faith    .    e - +0 kite shield
rNeg    + . .      Spirit   .    n - +0 chain mail
rPois   inf        Reflect  .    (no helmet)
rElec   +          Harm     .    (no cloak)
rCorr   .          Rampage  .    j - +0 pair of gloves
Will    .....                    (no boots)
Stlth   ..........               (no amulet)
HPRegen 0.28/turn                b - +4 ring of protection
MPRegen 0.11/turn                i - +6 ring of strength

@: about to teleport
A: sickness immunity, AC +5, negative energy resistance 1, electricity
resistance, torment resistance 1, petrification resistance, clever 1, fire
resistance 1
a: no special abilities


You were on level 6 of the Dungeon.
You visited 1 branch of the dungeon, and saw 6 of its levels.

You collected 306 gold pieces.


Innate Abilities, Weirdness & Mutations

You are immune to sickness and miasma.
Your stone body is resilient. (AC +5)
You are immune to poison.
You resist negative energy. (rN+)
You are resistant to electric shocks. (rElec)
You are resistant to unholy torment.
You are immune to petrification.
Your mind is acute. (Int +4, Str/Dex -1)
Your flesh is heat resistant. (rF+)


   Skills:
 - Level 4.1 Fighting
 + Level 6.9 Axes
 - Level 1.9 Throwing
 - Level 3.2 Armour
 - Level 1.4 Dodging
 - Level 6.2 Shields


You had 7 spell levels left.
You didn't know any spells.
Your spell library was empty.

Inventory:

Hand Weapons
 f - a +0 war axe of electrocution (weapon)
 g - a +0 flail
Armour
 e - a +0 kite shield (worn)
 j - a +0 pair of gloves (worn)
 n - a +0 chain mail (worn)
Jewellery
 b - a +4 ring of protection (left hand)
 i - a +6 ring of strength (right hand)
 q - a ring of fire
Scrolls
 a - 2 scrolls of identify
 l - 2 scrolls of teleportation
Potions
 c - a potion of attraction {unknown}
 d - a potion of might
 h - a potion of lignification
 k - a potion of haste
 m - a potion of resistance
 o - a potion of magic {unknown}
 p - a potion of invisibility {unknown}
 r - a potion of experience {unknown}
 t - a potion of mutation
 u - a potion of heal wounds {unknown}

Dungeon Overview and Level Annotations

Branches:
Dungeon (6/15)
 Temple: D:4-7

Altars:
Cheibriados
Fedhas
Makhleb
Ru
Vehumet
The Shining One

Annotations:
D:3 1 runed translucent door, Crazy Yiuf
D:6 Pikel


Message History

Pikel freezes you.
You closely miss the orc.
The orc is severely wounded.
You closely miss the lemure. You closely miss Pikel.
You barely miss the lemure. You hit the lemure but do no damage.
The lemure hits you but does no damage. x3; The orc hits you but does no damage.
Pikel closely misses you.
You barely miss the orc.
The orc is severely wounded.
You hit the lemure. You closely miss Pikel. You hit the lemure.
You closely miss the lemure. The lemure hits you. You block Pikel's attack.
The lemure hits you but does no damage. The orc hits you but does no damage.
The lemure barely misses you. The lemure hits you but does no damage.
The orc hits you but does no damage.
Pikel says, "I touched Geryon's horn once."
Pikel hits you but does no damage. The lemure hits you.
The lemure hits you but does no damage.
You closely miss the lemure.
The lemure is severely wounded.
You hit Pikel. You hit the orc but do no damage.
You completely miss the lemure. You slash the lemure!
The lemure barely misses you. The orc hits you but does no damage.
You block the lemure's attack. The lemure hits you. You block Pikel's attack.
You slash the lemure! Lightning courses through the lemure!!
You kill the lemure!
That felt strangely unrewarding.
You hit the orc.
You kill the orc!
You slash the lemure! Lightning courses through the lemure!
You kill the lemure!
That felt strangely unrewarding.
You closely miss the lemure. You closely miss Pikel.
Pikel hits you with a +1 whip of freezing.
Pikel freezes you. The lemure hits you.
4445 ||| READING 3 scrolls of teleportation.
As you read the scroll of teleportation, it crumbles to dust.
You feel strangely unstable.
Pikel hits you with a +1 whip of freezing.
Pikel freezes you. The lemure hits you.
You die...

#.... ..
(.....##.......... ..
................... ##..
.........#...# .... #...
.?..........## #..##...
.##.(.........###.......
.....(............#.....
#...5)).....#.#.#.....
###..K@........#.#.....
#....)#............(...
#.....#.##.............
##.......##............
#.....####......>.....
#####...####............
#.......................
#.......................
#.............#.)......#


You could see Pikel and a lemure.

Vanquished Creatures
  Grinder (D:5)
  An ice beast (D:6)
  A black bear (D:5)
  A centaur (D:5)
  3 lemures (D:6)
  A phantom (D:6)
  2 necrophages
  2 scorpions
  2 hounds
  2 orc priests
  An iguana (D:6)
  Ijyb (D:4)
  Terence (D:3)
  7 adders
  A white imp (D:5)
  4 worms
  A dart slug (D:1)
  16 orcs
  5 ball pythons
  11 bats
  10 endoplasms
  2 giant cockroaches
  7 hobgoblins
  4 jackals (D:3)
  2 quokkas
  A frilled lizard (D:1)
  7 goblins
  4 kobolds
  5 rats
106 creatures vanquished.

Notes
Turn   | Place    | Note
-------+----------+-------------------------------------------
     0 | D:1      | qw the Gargoyle Fighter began the quest for the Orb.
     0 | D:1      | Reached XP level 1. HP: 14/14 MP: 1/1
     0 | D:1      | 0 ||| qw: Version: 0.2-a-13-gfc7b4b4
     0 | D:1      | 0 ||| qw: Game counter: 1856
     0 | D:1      | 0 ||| qw: Always use a shield: true
     0 | D:1      | 0 ||| qw: God list: Okawaru
     0 | D:1      | 0 ||| qw: Allow faded altars: false
     0 | D:1      | 0 ||| qw: Do Orc after D:15 true
     0 | D:1      | 0 ||| qw: Do second Lair branch before Depths: true
     0 | D:1      | 0 ||| qw: Lair rune preference: random
     0 | D:1      | 0 ||| qw: Plans: Normal, Zot:1-4, God:TSO, Crypt, Tomb,
                  | Pan, Slime:5, Hells, Abyss, Orb
     0 | D:1      | 0 ||| PLANNING D:1-11
   201 | D:1      | Reached XP level 2. HP: 19/19 MP: 2/2
   261 | D:1      | 261 ||| Stepping ~*~*~tactically~*~*~ (hiding).
   262 | D:1      | 262 ||| Stepping ~*~*~tactically~*~*~ (hiding).
   386 | D:1      | Reached skill level 3 in Axes
   447 | D:1      | Reached XP level 3. HP: 23/23 MP: 3/3
   447 | D:1      | 447 ||| DROPPING +0 club.
   561 | D:1      | Found a faded altar of an unknown god.
   898 | D:1      | 898 ||| UPGRADING to +0 pair of gloves.
   903 | D:1      | 903 ||| UPGRADING to +6 ring of strength.
   904 | D:1      | 904 ||| UPGRADING to ring of positive energy.
   905 | D:1      | 905 ||| READING scroll labelled NUPRUA ASARPH.
   980 | D:2      | 980 ||| Stepping ~*~*~tactically~*~*~ (stealth).
  1059 | D:2      | Reached XP level 4. HP: 28/28 MP: 4/4
  1480 | D:2      | 1480 ||| DROPPING ring of magical power.
  1481 | D:2      | 1481 ||| READING 2 scrolls labelled IPSUHOMUIL.
  1482 | D:2      | 1482 ||| READING 2 scrolls labelled VUBANL GIAH.
  1483 | D:2      | 1483 ||| READING scroll of brand weapon.
  1483 | D:2      | 1483 ||| BRANDING +0 war axe of draining.
  1484 | D:2      | 1484 ||| READING scroll labelled YNWUV FEWUGU.
  1485 | D:2      | 1485 ||| READING scroll labelled VOVUGA AT YXO.
  1486 | D:2      | 1486 ||| DRINKING 2 fizzy cyan potions.
  1511 | D:2      | 1511 ||| DRINKING 3 fuming inky potions.
  1512 | D:2      | 1512 ||| DROPPING 2 potions of brilliance.
  1541 | D:3      | Noticed Terence
  1542 | D:3      | 1542 ||| Stepping ~*~*~tactically~*~*~ (hiding).
  1550 | D:3      | HP: 2/28 [Terence/+0 trident (9)]
  1554 | D:3      | Killed Terence
  1555 | D:3      | Reached XP level 5. HP: 3/32 MP: 5/5
  1556 | D:3      | HP: 3/32 [quokka (1)]
  1652 | D:3      | 1652 ||| FLEEEEING.
  1653 | D:3      | 1653 ||| FLEEEEING.
  1656 | D:3      | 1656 ||| STAIRDANCE
  1708 | D:3      | Found a runed translucent door.
  1709 | D:3      | Noticed Crazy Yiuf
  1762 | D:3      | Found a snail-covered altar of Cheibriados.
  1762 | D:3      | Found a radiant altar of Vehumet.
  2225 | D:3      | Found a burning altar of Makhleb.
  2543 | D:3      | 2543 ||| READING 3 scrolls labelled MINUYPS CYITO.
  2610 | D:3      | 2610 ||| READING scroll labelled BYNKUL JAXZA.
  2611 | D:3      | 2611 ||| READING 2 scrolls of identify.
  2611 | D:3      | 2611 ||| IDENTIFYING glowing golden potion
  2612 | D:3      | 2612 ||| DROPPING potion of berserk rage.
  2727 | D:4      | Identified the +1 robe "Xainiokhly" {Drain +Inv MP+9 Int-5}
  2770 | D:4      | Reached skill level 1 in Dodging
  2823 | D:4      | Reached XP level 6. HP: 38/38 MP: 6/6
  2925 | D:4      | 2925 ||| Stepping ~*~*~tactically~*~*~ (stealth).
  2931 | D:4      | 2931 ||| FLEEEEING.
  2934 | D:4      | 2934 ||| Stepping ~*~*~tactically~*~*~ (stealth).
  2952 | D:4      | 2952 ||| Stepping ~*~*~tactically~*~*~ (stealth).
  2953 | D:4      | 2953 ||| Stepping ~*~*~tactically~*~*~ (stealth).
  3066 | D:4      | Noticed Ijyb
  3073 | D:4      | Killed Ijyb
  3453 | D:4      | 3453 ||| UPGRADING to +0 kite shield.
  3463 | D:4      | 3463 ||| DROPPING +0 buckler.
  3464 | D:4      | 3464 ||| UPGRADING to +0 chain mail.
  3474 | D:4      | 3474 ||| DROPPING +0 scale mail.
  3475 | D:4      | 3475 ||| READING scroll labelled LUURAED TUGOL.
  3476 | D:4      | 3476 ||| READING scroll labelled VIQENI BAIVEY.
  3477 | D:4      | 3477 ||| DRINKING 2 green potions.
  3477 | D:4      | Gained mutation: Your mind is acute. (Int +4, Str/Dex -1)
                  | [potion of mutation]
  3477 | D:4      | Gained mutation: Your flesh is heat resistant. (rF+)
                  | [potion of mutation]
  3478 | D:4      | 3478 ||| READING 2 scrolls of identify.
  3478 | D:4      | 3478 ||| IDENTIFYING viscous ruby potion
  3515 | D:5      | Entered Level 5 of the Dungeon
  3517 | D:5      | Noticed a black bear
  3520 | D:5      | 3520 ||| Stepping ~*~*~tactically~*~*~ (stealth).
  3523 | D:5      | Killed a black bear
  3524 | D:5      | Reached skill level 1 in Throwing
  3524 | D:5      | Reached XP level 7. HP: 43/43 MP: 7/7
  3667 | D:5      | 3667 ||| Stepping ~*~*~tactically~*~*~ (hiding).
  3669 | D:5      | 3669 ||| Stepping ~*~*~tactically~*~*~ (hiding).
  3672 | D:5      | 3672 ||| Stepping ~*~*~tactically~*~*~ (hiding).
  3674 | D:5      | 3674 ||| Stepping ~*~*~tactically~*~*~ (hiding).
  3675 | D:5      | 3675 ||| Stepping ~*~*~tactically~*~*~ (hiding).
  3841 | D:5      | Noticed Grinder
  3851 | D:5      | Killed Grinder
  3857 | D:5      | Reached skill level 6 in Axes
  3879 | D:5      | Reached skill level 6 in Shields
  3879 | D:5      | Reached XP level 8. HP: 48/48 MP: 8/8
  3988 | D:5      | Identified the +2 mace of Discretion {vorpal, +Blink Str+3
                  | Int-5 Stlth+}
  3990 | D:5      | 3990 ||| DROPPING +2 mace of Discretion {vorpal, +Blink
                  | Str+3 Int-5 Stlth+}.
  4166 | D:5      | Found a sacrificial altar of Ru.
  4198 | D:5      | 4198 ||| UPGRADING to +4 ring of protection.
  4200 | D:5      | 4200 ||| UPGRADING to +6 ring of strength.
  4202 | D:5      | 4202 ||| DROPPING ring of positive energy.
  4262 | D:6      | Found a blossoming altar of Fedhas.
  4343 | D:6      | Found a glowing golden altar of the Shining One.
  4430 | D:6      | Noticed Pikel
  4444 | D:6      | HP: 12/48 [Pikel/+1 whip of freezing (2)]
  4445 | D:6      | 4445 ||| READING 3 scrolls of teleportation.
  4445 | D:6      | HP: 3/48 [Pikel/+1 whip of freezing (4)]
  4445 | D:6      | Slain by a lemure

Levels and vault maps discovered:
D:1:      dpeg_arrival_renting, layout_basic, ebering_ecumenical_altar_box,
          hex_intersection
D:2:      layout_basic
D:3:      layout_loops_ring, jmf_multi_god_temple, lightli_temple_of_fire,
          uniq_crazy_yiuf_cottage, uniq_terence
D:4:      layout_basic, uniq_ijyb
D:5:      layout_cave_pools, nicolae_ru_the_path_less_chosen, uniq_grinder
D:6:      layout_cave_pools, mainiacjoe_overflow_catch_the_wave,
          amcnicky_mini_pool_small, nicolae_benzene_ring, uniq_pikel

Skill      XL: |  1  2  3  4  5  6  7 |
---------------+----------------------+-----
Axes           | 2 3 4 5 6 |  6.9
Dodging        | 1 |  1.4
Fighting       | 4 |  4.1
Throwing       | 1 |  1.9
Shields        | 6 |  6.2
Armour         | |  3.2

Action                   |  1- 3 |  4- 6 |  7- 9 || total
-------------------------+-------+-------+-------++-------
Melee: War axe           |    98 |   167 |    53 ||   318
Throw: Javelin           |       |     2 |    23 ||    25
  Use: Scroll            |     1 |    11 |     1 ||    13
       Potion            |       |     3 |       ||     3
Armor: Scale mail        |    52 |    77 |       ||   129
       Chain mail        |       |       |    49 ||    49
Dodge: Dodged            |    42 |    77 |    30 ||   149
Block: Buckler           |    21 |    31 |       ||    52
       Kite shield       |       |       |    27 ||    27

Table legend:
 A = Non-vault XP
 B = Vault XP
 C = Vault XP percentage of total XP
 D = Non-vault monster count
 E = Vault monster count
 F = Vault count percentage of total count
                 A         B        C        D         E       F
            +---------+---------+-------+---------+---------+-------
      Total |    1280 |     330 |  20.5 |      98 |       5 |   4.9
            +---------+---------+-------+---------+---------+-------
        D:1 |      47 |       0 |   0.0 |      25 |       0 |   0.0
        D:2 |      84 |       0 |   0.0 |      18 |       0 |   0.0
        D:3 |      74 |      40 |  35.1 |      21 |       3 |  12.5
        D:4 |     281 |      36 |  11.4 |      16 |       1 |   5.9
        D:5 |     465 |     254 |  35.3 |       9 |       1 |  10.0
        D:6 |     329 |       0 |   0.0 |       9 |       0 |   0.0
            +---------+---------+-------+---------+---------+-------
